 Dungeon Crawl Stone Soup version 0.25-a0-399-gcf1075a (webtiles) character file.

Game seed: 3152186308509063881, levelgen mode: deterministic

5814 Birdy the Covert (level 10, -2/109 HPs)
             Began as a Centaur Assassin on Jan 8, 2020.
             Was a Believer of Wu Jian.
             Slain by a death yak (4 damage)
             ... on level 9 of the Dungeon.
             The game lasted 00:17:01 (8447 turns).

Birdy the Covert (Centaur Assassin)                 Turns: 8447, Time: 00:17:02

Health: -2/109     AC: 25    Str: 18    XL:     10   Next: 51%
Magic:  10/10      EV:  1    Int: 10    God:    Wu Jian [**....]
Gold:   372        SH:  0    Dex: 13    Spells: 9/9 levels left

rFire    . . .     SeeInvis .   v - +4 rapier
rCold    . . .     Gourm    .   (no shield)
rNeg     + + +     Faith    .   (armour currently unavailable)
rPois    +         Spirit   .   (helmet currently unavailable)
rElec    .         Reflect  .   (cloak currently unavailable)
rCorr    .         Harm     .   (gloves currently unavailable)
MR       +....     NoTele   +   (no barding)
Stlth    ++++......             (no amulet)
HPRegen  0.28/turn              B - +3 ring of strength
MPRegen  0.12/turn              w - ring of protection from magic

@: tree-form
A: large
a: Wall Jump, Renounce Religion


You were on level 9 of the Dungeon.
You worshipped Wu Jian.
Wu Jian was pleased with you.
You were not hungry.
You were a tree.
You visited 2 branches of the dungeon, and saw 10 of its levels.

You collected 372 gold pieces.

Inventory:

Hand Weapons
 v - a +4 rapier (weapon)
Missiles
 e - 49 poisoned darts (quivered)
Armour
 b - a +0 robe (melded)
 c - a +0 cloak (melded)
 x - a +3 leather armour
 C - a +1 pair of gloves (melded)
Jewellery
 d - an uncursed ring of magical power
 w - a ring of protection from magic (right branch)
 B - a +3 ring of strength (left branch)
Wands
 i - a wand of flame (27)
 q - a wand of paralysis (1)
Scrolls
 j - 5 scrolls of teleportation
 l - 2 scrolls of remove curse
 o - 3 scrolls of enchant weapon
 r - 2 scrolls of enchant armour
 t - 4 scrolls of immolation
 u - a scroll of magic mapping
 y - a scroll of random uselessness {unknown}
 z - a scroll of blinking {unknown}
 A - a scroll of amnesia {unknown}
Potions
 a - a potion of curing
 E - a potion of flight
Comestibles
 f - 11 rations


   Skills:
 - Level 2.0 Fighting
 - Level 7.1 Short Blades
 - Level 2.1 Throwing
 - Level 1.0 Dodging
 + Level 10.2 Stealth


You had 9 spell levels left.
You didn't know any spells.
Your spell library was empty.

Dungeon Overview and Level Annotations

Branches:
Dungeon (9/15)             Temple (1/1) D:6            Lair (0/6) D:9
    Orc: D:9-12

Altars:
Ashenzari
Cheibriados
Dithmenos
Elyvilon
Fedhas
Hepliaklqana
Kikubaaqudgha
Makhleb
Nemelex Xobeh
Okawaru
Qazlal
Ru
Sif Muna
Trog
Uskayaw
Vehumet
Wu Jian
Yredelemnul
Zin
The Shining One

Shops:
D:8 (

Annotations:
D:6 1 runed translucent door
D:7 2 transporters, melkoren's ghost, novice DsGl
D:8 3 runed translucent doors, medijay's ghost, novice DDFi
D:9 3 runed translucent doors, Clumpoid's ghost, novice GnWn


Innate Abilities, Weirdness & Mutations

((You have hooves in place of feet.))
((Armour fits poorly on your strangely shaped body.))
((You cover ground very quickly.))
((You have extremely tough skin. (AC +3)))


Message History

The death yak is severely wounded.
You barely miss the death yak.
The death yak is severely wounded.
The death yak looks more healthy.
The death yak gores you but does no damage.
You hit the death yak but do no damage.
The death yak is severely wounded.
The death yak gores you!
* * * LOW HITPOINT WARNING * * *
You puncture the death yak!
The death yak is almost dead.
The death yak gores you!
* * * LOW HITPOINT WARNING * * *
You hit the death yak but do no damage.
The death yak is almost dead.
The death yak gores you but does no damage.
You hit the death yak.
The death yak is almost dead.
The death yak gores you.
You die...

#...........#
#...........#
#...........# ..
#...........# ..
#...........+ +#
#...........# .#
#####r####### .# #Y# .#
#♣# ####### ##.#
......# #..# ......#
##'####### ......#
#......... ......#
#......... ......####
#......... ......'..##
#.########
......##..####.########


You could see a death yak and a river rat.

Vanquished Creatures
  2 death yaks (D:9)
  An ugly thing (D:7)
  Maggie (D:8)
  Prince Ribbit (D:6)
  A hornet (D:7)
  A hungry ghost (D:8)
  A water moccasin (D:7)
  Duvessa (D:4)
  4 orc warriors
  A necrophage (D:7)
  An ice beast (D:7)
  3 ogres
  2 centaurs
  2 phantoms (D:6)
  7 bullfrogs
  3 scorpions
  Dowan (D:4)
  5 crimson imps
  2 bullfrog zombies (D:8)
  7 jellies
  A quasit (D:7)
  2 hounds
  A bullfrog skeleton (D:5)
  6 orc priests
  3 orc wizards
  2 centaur skeletons (D:6)
  4 iguanas
  4 worker ants
  A hell rat (D:9)
  2 hound zombies (D:6)
  A hound skeleton (D:7)
  7 gnolls
  A howler monkey skeleton (D:6)
  11 adders
  7 oozes
  2 adder skeletons
  3 worms
  A dart slug (D:3)
  2 leopard geckos (D:6)
  18 orcs
  4 bats
  5 giant cockroaches
  7 goblins
  6 hobgoblins
  8 jackals
  3 quokkas
  A ball python (D:4)
  7 frilled lizards
  A giant cockroach zombie (D:6)
  4 kobolds (D:1)
  A leopard gecko skeleton (D:4)
  A leopard gecko zombie (D:6)
  12 rats
186 creatures vanquished.

Vanquished Creatures (others)
  An orc (D:8)
1 creature vanquished.

Grand Total: 187 creatures vanquished

Notes
Turn   | Place    | Note
-------+----------+-------------------------------------------
     0 | D:1      | Birdy the Centaur Assassin began the quest for the Orb.
     0 | D:1      | Reached XP level 1. HP: 17/17 MP: 1/1
   125 | D:1      | Reached skill level 1 in Dodging
   125 | D:1      | Reached XP level 2. HP: 23/24 MP: 2/2
   344 | D:1      | Found a snail-covered altar of Cheibriados.
   610 | D:2      | Reached XP level 3. HP: 19/29 MP: 3/3
   627 | D:2      | Reached skill level 3 in Stealth
   632 | D:2      | Reached XP level 4. HP: 10/36 MP: 4/4
  1538 | D:3      | Reached XP level 5. HP: 32/41 MP: 5/5
  2409 | D:4      | Found a radiant altar of Vehumet.
  2440 | D:4      | Noticed an ogre
  2475 | D:4      | Killed an ogre
  2475 | D:4      | Reached XP level 6. HP: 27/48 MP: 6/6
  2512 | D:4      | Noticed a -1 dagger
  2512 | D:4      | Noticed a +0 dagger
  2516 | D:4      | Found a hide-covered altar of Uskayaw.
  2543 | D:4      | Noticed Duvessa
  2543 | D:4      | Noticed Dowan
  2547 | D:4      | Killed Dowan
  2550 | D:4      | Killed Duvessa
  2550 | D:4      | Reached skill level 4 in Stealth
  2773 | D:4      | Found a blossoming altar of Fedhas.
  2776 | D:4      | Found a glowing golden altar of the Shining One.
  2779 | D:4      | Found a basalt altar of Yredelemnul.
  2785 | D:4      | Found a burning altar of Makhleb.
  3101 | D:4      | Reached skill level 5 in Short Blades
  3101 | D:4      | Reached XP level 7. HP: 54/55 MP: 7/7
  3207 | D:5      | Entered Level 5 of the Dungeon
  3313 | D:5      | Found a hazy altar of Hepliaklqana.
  3702 | D:5      | Found a glowing silver altar of Zin.
  3703 | D:5      | Noticed an angel
  3875 | D:6      | Noticed Prince Ribbit
  4255 | D:6      | Killed Prince Ribbit
  4255 | D:6      | Reached skill level 5 in Stealth
  4255 | D:6      | Reached XP level 8. HP: 25/61 MP: 8/8
  4444 | D:6      | Found a staircase to the Ecumenical Temple.
  4453 | Temple   | Entered the Ecumenical Temple
  4533 | Temple   | Became a worshipper of the Wu Jian Council
  4790 | D:6      | Found a glowing golden altar of the Shining One.
  4790 | D:6      | Found a runed translucent door.
  4790 | D:6      | Noticed an angel
  4867 | D:6      | Reached skill level 6 in Stealth
  4981 | D:6      | Found a sacrificial altar of Ru.
  5483 | D:7      | Noticed melkoren's ghost (novice DsGl)
  5488 | D:7      | Found a transporter.
  5495 | D:7      | Found a transporter.
  5495 | D:7      | Found a bloodstained altar of Trog.
  5495 | D:7      | Noticed a moth of wrath
  5521 | D:7      | Noticed a hornet
  5524 | D:7      | Killed a hornet
  5524 | D:7      | Reached XP level 9. HP: 67/67 MP: 9/9
  5625 | D:7      | Reached skill level 7 in Stealth
  5649 | D:7      | Found a shattered altar of Ashenzari.
  5725 | D:7      | Reached * piety under Wu Jian
  5763 | D:7      | HP: 3/66 [water moccasin (10)]
  6190 | D:7      | Noticed a green ugly thing
  6205 | D:7      | Killed a green ugly thing
  6205 | D:7      | Reached skill level 8 in Stealth
  6411 | D:8      | Found Doev's Antique Weapon Emporium.
  6451 | D:8      | Noticed Maggie
  6674 | D:8      | Killed Maggie
  6854 | D:8      | Reached ** piety under Wu Jian
  6976 | D:8      | Reached skill level 9 in Stealth
  7080 | D:8      | Reached XP level 10. HP: 53/73 MP: 10/10
  7241 | D:8      | Found a shadowy altar of Dithmenos.
  7517 | D:8      | Found a runed translucent gate.
  7518 | D:8      | Found a runed translucent gate.
  7519 | D:8      | Found a runed translucent gate.
  7554 | D:8      | Noticed medijay's ghost (novice DDFi)
  8006 | D:9      | Noticed a fire dragon
  8006 | D:9      | Noticed Clumpoid's ghost (novice GnWn)
  8009 | D:9      | Found a runed translucent gate.
  8009 | D:9      | Found a runed translucent gate.
  8009 | D:9      | Found a runed translucent gate.
  8061 | D:9      | Found a bloodstained altar of Trog.
  8062 | D:9      | Found an iron altar of Okawaru.
  8093 | D:9      | Noticed a death yak
  8093 | D:9      | Noticed a death yak
  8095 | D:9      | Found a staircase to the Lair.
  8112 | D:9      | Noticed a death yak
  8127 | D:9      | Killed a death yak
  8141 | D:9      | Killed a death yak
  8141 | D:9      | Reached skill level 10 in Stealth
  8445 | D:9      | HP: 1/109 [death yak (15)]
  8447 | D:9      | Slain by a death yak

Levels and vault maps discovered:
D:1:      minmay_arrival_checkered_box, layout_loops_ring, cheibriados_altar_1
D:2:      layout_loops_ring, first_ration
D:3:      layout_loops_cross
D:4:      layout_basic, grunt_temple_overflow_cloverleaf, old_standard_altar,
          dancing_weapons_uskayaw, uniq_duvessa
D:5:      layout_loops_cross, zin_angel, lemuel_doored_altar
D:6:      minmay_recursive_quarters, layout_rooms, nicolae_ru_path_of_blood,
          minmay_temple_entry_antechambers, lemuel_angel_altar,
          uniq_prince_ribbit1
D:7:      layout_basic, marbit_many_paths, gammafunk_ghost_wrathful_warriors
D:8:      layout_cave_pools, lemuel_coloured_pillars_altar, serial_shops, shop,
          gammafunk_ghost_icy, hangedman_little_slice_of_home, uniq_maggie
D:9:      layout_roguey, grunt_temple_overflow_bloody_war, dpeg_lair_monsters,
          gammafunk_ghost_split, uniq_joseph
Temple:   nicolae_temple_figure_zero

Skill      XL: |  1  2  3  4  5  6  7  8  9 10 |
---------------+-------------------------------+-----
Short Blades   | 2 3 4 5 6 7 |  7.1
Dodging        | 1 |  1.0
Stealth        | 3 4 5 6 9 10 | 10.2
Fighting       | |  2.0
Throwing       | |  2.1

Action                   |  1- 3 |  4- 6 |  7- 9 | 10-12 || total
-------------------------+-------+-------+-------+-------++-------
Melee: Dagger            |    43 |    66 |       |       ||   109
       Kick              |     6 |    29 |    62 |    10 ||   107
       Rapier            |       |    69 |   259 |   118 ||   446
Throw: Dart              |    10 |     1 |     4 |     2 ||    17
Invok: Lunge             |       |       |    15 |     6 ||    21
       Whirlwind         |       |       |     1 |       ||     1
Evoke: Wand              |       |     5 |    11 |     8 ||    24
  Use: Potion            |       |     6 |     3 |     6 ||    15
       Scroll            |       |     7 |     6 |       ||    13
 Stab: Sleeping          |     3 |     4 |     7 |    10 ||    24
       Distracted        |       |     1 |     1 |       ||     2
       Invisible         |       |     2 |       |       ||     2
       Paralysed         |       |       |     7 |       ||     7
  Eat: Chunk             |       |     4 |    15 |     3 ||    22
       Ration            |       |       |       |     1 ||     1
Armor: Robe              |     7 |    34 |    73 |     9 ||   123
       Skin              |       |       |       |    35 ||    35
Dodge: Dodged            |    16 |    52 |    77 |    14 ||   159

Table legend:
 A = Non-vault XP
 B = Vault XP
 C = Vault XP percentage of total XP
 D = Non-vault monster count
 E = Vault monster count
 F = Vault count percentage of total count
                 A         B        C        D         E       F
            +---------+---------+-------+---------+---------+-------
      Total |    5225 |    3082 |  37.1 |     164 |      22 |  11.8
            +---------+---------+-------+---------+---------+-------
        D:1 |      31 |       0 |   0.0 |      16 |       0 |   0.0
        D:2 |      84 |       0 |   0.0 |      18 |       0 |   0.0
        D:3 |     150 |       0 |   0.0 |      24 |       0 |   0.0
        D:4 |     272 |     211 |  43.7 |      15 |       2 |  11.8
        D:5 |     192 |       0 |   0.0 |      12 |       0 |   0.0
        D:6 |     880 |     426 |  32.6 |      18 |       6 |  25.0
        D:7 |    2427 |      45 |   1.8 |      37 |       1 |   2.6
        D:8 |    1083 |     541 |  33.3 |      22 |       9 |  29.0
        D:9 |     106 |    1859 |  94.6 |       2 |       4 |  66.7
            +---------+---------+-------+---------+---------+-------
